SKY
TORONTO BLUE JAYS @ PHILADELPHIA PHILLIES
08/11/2052
 
TOP OF THE 1ST
Toronto Blue Jays batting - Pitching for Philadelphia Phillies : RHP Kirby Rogers
Pitching: RHP Kirby Rogers
Batting: LHB Connor Thomas 0-0: Foul Ball, location: 9LSF
0-1: Foul Ball, location: 5F
0-2: Strikes out swinging
Batting: RHB Mike Asawawong 0-0: Ball
1-0: Called Strike
1-1: Called Strike
1-2: Ball
2-2: Ball
3-2: Fly out, F7 (Flyball, 7D, EV 94.4 MPH)
Batting: LHB Jackson Kilsdonk 0-0: Ball
1-0: Foul Ball, location: 2F
1-1: Swinging Strike
1-2: Ball
2-2: Ball
3-2: Foul Ball, location: 5FF
3-2: Strikes out looking
Top of the 1st over - 0 runs, 0 hits, 0 errors, 0 left on base; Toronto 0 - Philadelphia 0
BOTTOM OF THE 1ST
Philadelphia Phillies batting - Pitching for Toronto Blue Jays : LHP Renny Leech
Pitching: LHP Renny Leech
Batting: RHB Kyle Negulescu 0-0: Ball
1-0: Ground out 5-3 (Groundball, 56, EV 107.5 MPH)
Batting: RHB Liam Lyons 0-0: Ball
1-0: Swinging Strike
1-1: Ball
2-1: Ground out 5-3 (Groundball, 5, EV 87.5 MPH)
Batting: RHB Justin Morgan 0-0: Ball
1-0: Swinging Strike
1-1: Ball
2-1: Ball
3-1: Base on Balls
Batting: RHB Marc Simms 0-0: Ball
1-0: Foul Ball, location: 2F
1-1: Ground out 5-3 (Groundball, 56S, EV 70.0 MPH)
Bottom of the 1st over - 0 runs, 0 hits, 0 errors, 1 left on base; Toronto 0 - Philadelphia 0
TOP OF THE 2ND
Toronto Blue Jays batting - Pitching for Philadelphia Phillies : RHP Kirby Rogers
Batting: RHB Jayden Bice 0-0: Ground out 3-1 (Groundball, 34, EV 81.3 MPH)
Batting: RHB Atlas Alvarado 0-0: Called Strike
0-1: Fly out, F9 (Line Drive, 89M, EV 91.9 MPH)
Batting: LHB Gael Villarreal 0-0: Ground out U3 (Groundball, 34, EV 105.0 MPH)
Top of the 2nd over - 0 runs, 0 hits, 0 errors, 0 left on base; Toronto 0 - Philadelphia 0
BOTTOM OF THE 2ND
Philadelphia Phillies batting - Pitching for Toronto Blue Jays : LHP Renny Leech
Batting: LHB Noah Powell 0-0: Swinging Strike
0-1: Called Strike
0-2: Ball
1-2: Ball
2-2: Ground out 4-3 (Groundball, 4, EV 83.8 MPH)
Batting: RHB Josiah Mandel 0-0: Hit by Pitch
Batting: RHB Karter Williams 0-0: Called Strike
0-1: Ball
1-1: Swinging Strike
1-2: Ball
2-2: Ball
3-2: Foul Ball, location: 23F
3-2: Foul Ball, location: 9LMF
3-2: Strikes out swinging
Batting: RHB Ariel Fernández 0-0: Ball
1-0: Foul Ball, location: 2F
1-1: Swinging Strike
1-2: Strikes out swinging
Bottom of the 2nd over - 0 runs, 0 hits, 0 errors, 1 left on base; Toronto 0 - Philadelphia 0
TOP OF THE 3RD
Toronto Blue Jays batting - Pitching for Philadelphia Phillies : RHP Kirby Rogers
Batting: RHB Ernie Brox 0-0: Ground out 4-3 (Groundball, 4, EV 87.5 MPH)
Batting: SHB Mendy Pérez 0-0: Ball
1-0: Ball
2-0: Ground out U3 (Groundball, 34, EV 90.6 MPH)
Batting: RHB Fadil Ring 0-0: Swinging Strike
0-1: Ball
1-1: Swinging Strike
1-2: Ball
2-2: Ground out 6-3 (Groundball, 6, EV 81.9 MPH)
Top of the 3rd over - 0 runs, 0 hits, 0 errors, 0 left on base; Toronto 0 - Philadelphia 0
BOTTOM OF THE 3RD
Philadelphia Phillies batting - Pitching for Toronto Blue Jays : LHP Renny Leech
Batting: SHB Elías Saucedo 0-0: Ground out 2-3 (Groundball, 2L, EV 67.5 MPH)
Batting: RHB Kyle Negulescu 0-0: Foul Ball, location: 9LDF
0-1: Ground out 1-3 (Groundball, 34S, EV 63.1 MPH)
Batting: RHB Liam Lyons 0-0: Ground out 5-3 (Groundball, 56, EV 103.1 MPH)
Bottom of the 3rd over - 0 runs, 0 hits, 0 errors, 0 left on base; Toronto 0 - Philadelphia 0
TOP OF THE 4TH
Toronto Blue Jays batting - Pitching for Philadelphia Phillies : RHP Kirby Rogers
Batting: LHB Connor Thomas 0-0: Ball
1-0: Ball
2-0: Called Strike
2-1: Swinging Strike
2-2: Strikes out swinging
Batting: RHB Mike Asawawong 0-0: Ball
1-0: Ball
2-0: DOUBLE (Line Drive, 7LM, EV 103.8 MPH)
Batting: LHB Jackson Kilsdonk 0-0: Ball
1-0: Called Strike
1-1: Ball
2-1: Ball
3-1: Called Strike
3-2: Foul Ball, location: 2F
3-2: Foul Ball, location: 3F
3-2: Foul Ball, location: 23F
3-2: Base on Balls
Batting: RHB Jayden Bice 0-0: Ball
1-0: Called Strike
1-1: Called Strike
1-2: Strikes out swinging
Batting: RHB Atlas Alvarado 0-0: Foul Ball, location: 25F
0-1: Ball
1-1: Foul Ball, location: 2F
1-2: Strikes out swinging
Top of the 4th over - 0 runs, 1 hit, 0 errors, 2 left on base; Toronto 0 - Philadelphia 0
BOTTOM OF THE 4TH
Philadelphia Phillies batting - Pitching for Toronto Blue Jays : LHP Renny Leech
Batting: RHB Justin Morgan 0-0: Ground out 6-3 (Groundball, 6, EV 90.6 MPH)
Batting: RHB Marc Simms 0-0: Called Strike
0-1: Ball
1-1: Ball
2-1: Ball
3-1: Called Strike
3-2: Foul Ball, location: 3F
3-2: Ground out 5-3 (Groundball, 5L, EV 90.6 MPH)
Batting: LHB Noah Powell 0-0: Ball
1-0: SINGLE (Groundball, 4M, EV 107.5 MPH) (infield hit)
Batting: RHB Josiah Mandel 0-0: Ball
1-0: Ball
Noah Powell is caught stealing 2nd base 2-4
Bottom of the 4th over - 0 runs, 1 hit, 0 errors, 0 left on base; Toronto 0 - Philadelphia 0
TOP OF THE 5TH
Toronto Blue Jays batting - Pitching for Philadelphia Phillies : RHP Kirby Rogers
Batting: LHB Gael Villarreal 0-0: Called Strike
0-1: Ball
1-1: Ball
2-1: Foul Ball, location: 2F
2-2: Ground out 4-3 (Groundball, 4, EV 86.3 MPH)
Batting: RHB Ernie Brox 0-0: Called Strike
0-1: Ball
1-1: Ground out 5-3 (Groundball, 56, EV 108.1 MPH)
Batting: SHB Mendy Pérez 0-0: Ball
1-0: Ball
2-0: Ball
3-0: Called Strike
3-1: Base on Balls
Batting: RHB Fadil Ring 0-0: Foul Ball, location: 23F
0-1: Foul Ball, location: 3F
0-2: Ground out 5-3 (Groundball, 56S, EV 84.4 MPH)
Top of the 5th over - 0 runs, 0 hits, 0 errors, 1 left on base; Toronto 0 - Philadelphia 0
BOTTOM OF THE 5TH
Philadelphia Phillies batting - Pitching for Toronto Blue Jays : LHP Renny Leech
Batting: RHB Josiah Mandel 0-0: Called Strike
0-1: Ground out 6-3 (Groundball, 56D, EV 101.3 MPH)
Batting: RHB Karter Williams 0-0: Called Strike
0-1: Ball
1-1: Swinging Strike
1-2: Fly out, F3 (Line Drive, 3, EV 72.5 MPH)
Batting: RHB Ariel Fernández 0-0: Ball
1-0: Ball
2-0: Ball
3-0: Called Strike
3-1: Foul Ball, location: 2F
3-2: Ground out 5-3 (Groundball, 56S, EV 88.8 MPH)
Bottom of the 5th over - 0 runs, 0 hits, 0 errors, 0 left on base; Toronto 0 - Philadelphia 0
TOP OF THE 6TH
Toronto Blue Jays batting - Pitching for Philadelphia Phillies : RHP Kirby Rogers
Batting: LHB Connor Thomas 0-0: Ball
1-0: Foul Ball, location: 23FF
1-1: Swinging Strike
1-2: Strikes out swinging
Batting: RHB Mike Asawawong 0-0: Fly out, F5 (Popup, 56S, EV 80.0 MPH)
Batting: LHB Jackson Kilsdonk 0-0: Ball
1-0: Called Strike
1-1: Ball
2-1: Ball
3-1: Base on Balls
Batting: RHB Jayden Bice 0-0: Ball
1-0: Called Strike
1-1: Called Strike
1-2: Fly out, F6 (Popup, 6MS, EV 70.6 MPH)
Top of the 6th over - 0 runs, 0 hits, 0 errors, 1 left on base; Toronto 0 - Philadelphia 0
BOTTOM OF THE 6TH
Philadelphia Phillies batting - Pitching for Toronto Blue Jays : LHP Renny Leech
Batting: SHB Elías Saucedo 0-0: Ball
1-0: Swinging Strike
1-1: Called Strike
1-2: Ball
2-2: Ball
3-2: SINGLE (Groundball, 5D, EV 96.9 MPH)
Batting: RHB Kyle Negulescu 0-0: Foul Ball, location: 5DF
0-1: Called Strike
0-2: Ball
Wild Pitch!
Elías Saucedo to second
1-2: Foul Ball, location: 3DF
1-2: Ball
2-2: Ball
3-2: Fly out, F8 (Flyball, 8LS, EV 93.1 MPH)
Batting: RHB Liam Lyons 0-0: Ball
1-0: Ball
2-0: Foul Ball, location: 25F
2-1: Foul Ball, location: 2F
2-2: SINGLE (Line Drive, 4MD, EV 99.4 MPH)
Elías Saucedo to third
Runner from 3rd tries for Home, SAFE, throw by CF to home
Liam Lyons to second
Batting: RHB Justin Morgan 0-0: Ground out 6-3 (Groundball, 6S, EV 69.4 MPH)
Liam Lyons to third
Batting: RHB Marc Simms 0-0: Ball
1-0: Called Strike
1-1: Ground out 5-3 (Groundball, 56, EV 85.6 MPH)
Bottom of the 6th over - 1 run, 2 hits, 0 errors, 1 left on base; Toronto 0 - Philadelphia 1
TOP OF THE 7TH
Toronto Blue Jays batting - Pitching for Philadelphia Phillies : RHP Kirby Rogers
Batting: RHB Atlas Alvarado 0-0: SOLO HOME RUN (Flyball, 8RXD, EV 108.8 MPH), Distance : 422 ft
Batting: LHB Gael Villarreal 0-0: Called Strike
0-1: Foul Ball, location: 25F
0-2: Ball
1-2: Strikes out swinging
Batting: RHB Ernie Brox 0-0: SINGLE (Line Drive, 6D, EV 101.3 MPH)
Batting: SHB Mendy Pérez 0-0: Ball
1-0: Ball
2-0: Ground out 5-3 (Groundball, 15, EV 87.5 MPH)
Ernie Brox to second
Batting: RHB Fadil Ring 0-0: Fly out, F8 (Flyball, 8LD, EV 111.3 MPH)
Top of the 7th over - 1 run, 2 hits, 0 errors, 1 left on base; Toronto 1 - Philadelphia 1
BOTTOM OF THE 7TH
Philadelphia Phillies batting - Pitching for Toronto Blue Jays : LHP Renny Leech
Pitching: LHP Brent Brown
Batting: LHB Noah Powell 0-0: Ball
1-0: Called Strike
1-1: Swinging Strike
1-2: Ball
2-2: Strikes out swinging
Batting: RHB Josiah Mandel 0-0: Called Strike
0-1: Called Strike
0-2: Strikes out swinging
Batting: RHB Karter Williams 0-0: Foul Ball, location: 2LF
0-1: Foul Ball, location: 2F
0-2: Strikes out swinging
Bottom of the 7th over - 0 runs, 0 hits, 0 errors, 0 left on base; Toronto 1 - Philadelphia 1
TOP OF THE 8TH
Toronto Blue Jays batting - Pitching for Philadelphia Phillies : RHP Kirby Rogers
Batting: LHB Connor Thomas 0-0: Swinging Strike
0-1: SINGLE (Line Drive, 78M, EV 90.0 MPH)
Batting: RHB Mike Asawawong 0-0: DOUBLE (Line Drive, 89D, EV 110.6 MPH)
Connor Thomas to third
Batting: LHB Jackson Kilsdonk 0-0: Intentional Walk
Batting: RHB Jayden Bice 0-0: Ball
1-0: SINGLE (Groundball, 56, EV 80.6 MPH)
Connor Thomas scores
Mike Asawawong to third
Jackson Kilsdonk to second
Runner from 3rd tries for Home, SAFE, throw by LF to home
Batting: RHB Atlas Alvarado 0-0: Ball
1-0: Ball
2-0: Foul Ball, location: 5F
2-1: Foul Ball, location: 23F
2-2: Strikes out looking
Pitching: LHP Sean White
Batting: LHB Gael Villarreal 0-0: Ball
1-0: Swinging Strike
1-1: Called Strike
1-2: Ball
2-2: Fielders Choice at 2nd, 4-6 (Groundball, 34, EV 106.9 MPH)
Jackson Kilsdonk to third
Batting: RHB Ernie Brox 0-0: Ball
1-0: Ball
2-0: Foul Ball, location: 2F
2-1: Ball
3-1: Foul Ball, location: 2F
3-2: Base on Balls
Gael Villarreal to second
Batting: SHB Mendy Pérez 0-0: SINGLE (Groundball, 56D, EV 97.5 MPH)
Jackson Kilsdonk scores
Gael Villarreal to third
Ernie Brox to second
Runner from 3rd tries for Home, SAFE, throw by LF to home
Batting: RHB Fadil Ring 0-0: Ball
1-0: Ball
2-0: Fielders Choice at 2nd, 6-4 (Groundball, 6, EV 90.6 MPH)
Top of the 8th over - 4 runs, 4 hits, 0 errors, 2 left on base; Toronto 5 - Philadelphia 1
BOTTOM OF THE 8TH
Philadelphia Phillies batting - Pitching for Toronto Blue Jays : LHP Brent Brown
Batting: RHB Ariel Fernández 0-0: Ball
1-0: Swinging Strike
1-1: Ball
2-1: Swinging Strike
2-2: Fly out, F7 (Flyball, 7, EV 94.4 MPH)
Batting: SHB Elías Saucedo 0-0: Called Strike
0-1: Ball
1-1: Ball
2-1: Ground out 5-3 (Groundball, 56S, EV 71.9 MPH)
Batting: RHB Kyle Negulescu 0-0: Foul Ball, location: 3FF
0-1: Called Strike
0-2: Strikes out swinging
Bottom of the 8th over - 0 runs, 0 hits, 0 errors, 0 left on base; Toronto 5 - Philadelphia 1
TOP OF THE 9TH
Toronto Blue Jays batting - Pitching for Philadelphia Phillies : LHP Sean White
Batting: LHB Connor Thomas 0-0: Ball
1-0: Called Strike
1-1: Ball
2-1: Ball
3-1: Base on Balls
Batting: RHB Mike Asawawong 0-0: Ground out 5-3 (Groundball, 56, EV 62.5 MPH)
Connor Thomas to second
Batting: LHB Jackson Kilsdonk 0-0: Called Strike
0-1: Ball
1-1: SINGLE (Groundball, 34D, EV 94.4 MPH)
Connor Thomas to third
Runner from 3rd tries for Home, SAFE, throw by RF to home
Batting: RHB Jayden Bice 0-0: Called Strike
0-1: Ball
1-1: Ball
2-1: 2-RUN HOME RUN (Flyball, 89XD, EV 99.4 MPH), Distance : 404 ft
Pitching: RHP Ben Williams
Batting: RHB Atlas Alvarado 0-0: Called Strike
0-1: Foul Ball, location: 7LMF
0-2: Fly out, F9 (Flyball, 9, EV 95.0 MPH)
Batting: LHB Gael Villarreal 0-0: Called Strike
0-1: Fly out, F9 (Flyball, 9D, EV 88.1 MPH)
Top of the 9th over - 3 runs, 2 hits, 0 errors, 0 left on base; Toronto 8 - Philadelphia 1
BOTTOM OF THE 9TH
Philadelphia Phillies batting - Pitching for Toronto Blue Jays : LHP Brent Brown
Batting: RHB Liam Lyons 0-0: Swinging Strike
0-1: Ball
1-1: Ball
2-1: Ground out 6-3 (Groundball, 6, EV 78.8 MPH)
Batting: RHB Justin Morgan 0-0: Ball
1-0: Ball
2-0: Ball
3-0: Called Strike
3-1: Foul Ball, location: 2F
3-2: Foul Ball, location: 2F
3-2: Base on Balls
Pitching: RHP David Hitz
Batting: RHB Marc Simms 0-0: Ball
1-0: Ball
2-0: Fly out, F7 (Flyball, 7LD, EV 100.0 MPH)
Batting: LHB Noah Powell 0-0: Called Strike
0-1: Ball
1-1: Foul Ball, location: 23F
1-2: Ball
2-2: Strikes out swinging
Bottom of the 9th over - 0 runs, 0 hits, 0 errors, 1 left on base; Toronto 8 - Philadelphia 1
Thursday, May 2nd , 2024 - OOTP Baseball 24.11 Build 85